[Event "Early-Titled-Tuesday-Blitz-October-17-2023"]
[Site "Chess.com"]
[Date "2023.10.17"]
[Round "9"]
[White "Happy1712Drummer"]
[Black "BeautiFullMindChess"]
[Result "1-0"]
[WhiteElo "2381"]
[BlackElo "2269"]
[TimeControl "180+1"]
[EndTime "9:48:49 PDT"]
[Termination "Happy1712Drummer won by resignation"]

1. e4 c5 2. Nf3 d6 3. Bb5+ Bd7 4. Bxd7+ Qxd7 5. O-O Nc6 6. d3 Nf6 7. Bg5 e6 8. Bxf6 gxf6 9. Nc3 Be7 10. d4 cxd4 11. Nxd4 O-O-O 12. Ncb5 Kb8 13. c4 a6 14. Nc3 Rhg8 15.
Rb1 Rc8 16. b3 h5 17. Na4 Qc7 18. Re1 h4 19. h3 Rg5 20. Nf3 Rg7 21. Nxh4 f5 22. Nf3 Rcg8 23. g3 fxe4 24. Rxe4 d5 25. Rg4 Rxg4 26. hxg4 d4 27. Nxd4 Rh8 28. Kg2 Nxd4 29.
Qxd4 Qc6+ 30. f3 Rd8 31. Qe3 Bf6 32. Qf4+ e5 33. Qe3 e4 34. fxe4 Be5 35. Re1 Rg8 36. Qf3 Ka8 37. Rd1 Rh8 38. Rd5 f6 39. Nc5 Qe8 40. Nd3 Qe7 41. Nxe5 fxe5 42. Qf5 Qh7 43. Qxh7 Rxh7 44. Rxe5 Rd7 45. g5 Rg7 46. g4 Kb8 47. Kf3 Kc7 48. Kf4 Kc6 49. Rf5 Rd7 50. g6 Rd1 51. g7 Rd8 52. Rf8 1-0

[Event "Early-Titled-Tuesday-Blitz-October-17-2023"]
[Site "Chess.com"]
[Date "2023.10.17"]
[Round "9"]
[White "AradNazari"]
[Black "Sokoloco"]
[Result "1/2-1/2"]
[WhiteElo "2850"]
[BlackElo "2713"]
[TimeControl "180+1"]
[EndTime "9:48:50 PDT"]
[Termination "Game drawn by repetition"]

1. e4 d6 2. d4 g6 3. Nc3 Bg7 4.
f4 Nf6 5. Nf3 Bg4 6. h3 Bxf3 7.
Qxf3 Nc6 8. Be3 e5 9. fxe5 dxe5 10. d5 Nd4 11. Bb5+ Nxb5 12. Nxb5 c6 13. dxc6 bxc6 14.
Nc3 O-O 15. O-O Qa5 16. a3 Nh5 17. b4 Qc7 18. Rad1 Rfd8 19. Ne2 Rxd1 20. Rxd1 a5 21. Bc5 axb4 22. axb4 Rd8 23. Ra1 Qd7 24. Nc3 Qe6 25.
Rd1 Ra8 26. Ne2 h6 27. Qd3 Nf4 28. Nxf4 exf4 29. c4 Ra2 30. b5 f3 31. Qxf3 Qxc4 32. Bf2 cxb5 33. e5 Bxe5 34. Qe3 Bg7 35. Qe8+ Kh7 36. Rf1 Re2 37. Qd7 b4 38. Bb6 Qe6 39.
Qb7 Qe7 40. Rxf7 Re1+ 41. Kf2 Qe2+ 42. Kg3 Qe5+ 43. Kf2 Qe2+ 44. Kg3 Qe5+ 45. Kf2 Re2+ 46. Kf1 Re1+ 47. Kf2 1/2-1/2

[Event "Early-Titled-Tuesday-Blitz-October-17-2023"]
[Site "Chess.com"]
[Date "2023.10.17"]
[Round "9"]
[White "Sadykov_Ramil"]
[Black "Hovik_Hayrapetyan"]
[Result "0-1"]
[WhiteElo "2623"]
[BlackElo "2797"]
[TimeControl "180+1"]
[EndTime "9:48:50 PDT"]
[Termination "Hovik_Hayrapetyan won by resignation"]

1. e4 c5 2. Nf3 d6 3. Bb5+ Nd7 4. O-O a6 5. Bxd7+ Bxd7 6. c4 Bc6 7. Nc3 Nf6 8. Qe2 g6 9. d4 cxd4 10. Nxd4 Bg7 11. Nxc6 bxc6 12. e5 dxe5 13. Qxe5 O-O 14. Qe2 Qc7 15. Be3 Rab8 16. Rac1 Rfd8 17. b3 Qe5 18. Qf3 Rd3 19. Na4 h5 20. Bf4 Qf5 21. Qxd3 Qxd3 22. Bxb8 Ne4 23. Ba7 h4 24. Rfd1 Qe2 25.
Re1 Qd2 26. Rcd1 Qc2 27. h3 e6 28. Rd8+ Kh7 29. Be3 Bf6 30. Rd7 Kg7 31. Nc5 Nxc5 32.
Bxc5 Qxa2 33. Rxe6 Qa1+ 34. Kh2 Be5+ 35. g3 hxg3+ 36. fxg3 Qb2+ 37. Kg1 Qc1+ 38. Kg2 Qc2+ 39. Kf3 Qf5+ 40. Kg2 Qxe6 41. Rd3 Qf5 42. Rf3 Qe4 43. Bf2 Bd4 44. Bxd4+ Qxd4 45. Rf4 Qb2+ 46. Rf2 Qxb3 0-1

[Event "Early-Titled-Tuesday-Blitz-October-17-2023"]
[Site "Chess.com"]
[Date "2023.10.17"]
[Round "9"]
[White "victormago"]
[Black "NowInChess"]
[Result "0-1"]
[WhiteElo "2453"]
[BlackElo "2218"]
[TimeControl "180+1"]
[EndTime "9:48:52 PDT"]
[Termination "NowInChess won by resignation"]

1. d4 Nf6 2. c4 c5 3. d5 b5 4.
cxb5 a6 5. bxa6 g6 6. Nc3 Bg7 7. Nf3 O-O 8. g3 Nxa6 9. Bg2 d6 10. e4 Bg4 11. h3 Bxf3 12. Bxf3 Qb6 13. O-O Rfb8 14.
Rb1 Nd7 15. Bd2 Ne5 16. Be2 Nb4 17. a3 Nbd3 18. Qc2 c4 19. Be3 Qb3 20. Qxb3 Rxb3 21.
f4 Nd7 22. Bxd3 cxd3 23. Rfd1 Bxc3 24. bxc3 Raxa3 25. Rxb3 Rxb3 26. Rxd3 Nf6 27. e5 Ne4 28. Kg2 Rxc3 29. Rxc3 Nxc3 30. exd6 exd6 31. Ba7 Nxd5 32. Bb8 Ne3+ 33. Kf3 Nc4 34. Ke4 Kf8 35. Kd4 Nb6 36.
Bxd6+ Ke8 37. Be5 Kd7 38. Ke4 Ke6 39. Bd4 Nd5 40. Bc5 f5+ 41. Kf3 Nf6 42. Bd4 Ne4 43. g4 Kd5 44. Be5 Kc4 45. Ke3 Kd5 46. Bb2 Nd6 47. Be5 Nc4+ 48. Kf3 Nxe5+ 49. fxe5 Kxe5 50. h4 fxg4+ 51. Kxg4 h6 52. Kf3 Kf5 53. Kg3 Ke4 54. Kg4 Ke5 55. Kg3 Kf5 56. Kf3 h5 57. Kg3 Ke4 58.
Kg2 Kf4 59. Kh3 Kf3 0-1

[Event "Early-Titled-Tuesday-Blitz-October-17-2023"]
[Site "Chess.com"]
[Date "2023.10.17"]
[Round "9"]
[White "Rutricks"]
[Black "dosto07"]
[Result "1-0"]
[WhiteElo "2668"]
[BlackElo "2551"]
[TimeControl "180+1"]
[EndTime "9:48:54 PDT"]
[Termination "Rutricks won on time"]

1. Nf3 d5 2. c4 dxc4 3. Qa4+ c6 4.
Qxc4 Nf6 5. g3 g6 6. Bg2 Bg7 7. O-O O-O 8. d4 Bf5 9. Nc3 Nbd7 10. a4 a5 11. Re1 Ne4 12. Nh4 Be6 13. Qd3 Nxc3 14.
bxc3 Nb6 15. e4 Bc4 16. Qc2 Qc7 17. Nf3 Nd7 18. e5 e6 19. Ba3 c5 20. Nd2 Ba6 21. Qb2 Rfc8 22. Rec1 Bf8 23. Ne4 Bd3 24. Qd2 Bxe4 25.
Bxe4 Nb6 26. Qe2 Nd5 27. Qf3 cxd4 28. cxd4 Qd7 29. Bxf8 Kxf8 30. Bxd5 Qxd5 31. Qxd5 exd5 32. Rcb1 Rc7 33. Rb5 Rd8 34. Rxa5 Rc4 35. Rd1 Rdc8 36. Rxd5 Rc1 37. Rxc1 Rxc1+ 38. Kg2 Ra1 39. a5 Ke7 40.
Rb5 Ke6 41. Rxb7 Rxa5 42. Rb6+ Ke7 43. Rd6 Ra2 44. h4 Rd2 45. Kf3 f5 46. Ke3 Rd1 47.
Kf4 Re1 48. f3 Rd1 49. Kg5 Rd3 50. Kf4 Rd1 51. h5 Rd3 52. hxg6 hxg6 53. Rxg6 Rxd4+ 54. Kxf5 Rd3 55. f4 Kf7 56. Rf6+ Kg7 57. g4 Rd1 58. g5 Rd7 59. Rg6+ Kh7 60. Rh6+ Kg7 61. Rh1 Rf7+ 62. Kg4 Rb7 63. Rc1 Rd7 64. Re1 Re7 65. e6 Kg8 66. f5 Re8 67. e7 1-0

[Event "Early-Titled-Tuesday-Blitz-October-17-2023"]
[Site "Chess.com"]
[Date "2023.10.17"]
[Round "9"]
[White "Roedor"]
[Black "Ramosha"]
[Result "1/2-1/2"]
[WhiteElo "2446"]
[BlackElo "2633"]
[TimeControl "180+1"]
[EndTime "9:48:56 PDT"]
[Termination "Game drawn by repetition"]

1. d4 Nf6 2. c4 e6 3. g3 Bb4+ 4. Bd2 Qe7 5. Bg2 O-O 6. Nc3 d6 7. Nf3 e5 8. O-O Nc6 9. dxe5 dxe5 10. Nd5 Nxd5 11. cxd5 Nd4 12. a3 Bxd2 13. Qxd2 Nxf3+ 14. exf3 Qd6 15. Rac1 Bd7 16. Qb4 Qxd5 17. f4 Qe6 18. fxe5 Qxe5 19. Rfe1 Qf6 20. Rxc7 Be6 21. Rxb7 Rac8 22.
Rxa7 Rc2 23. Qf4 Qxb2 24. h4 Qb6 25. Qe3 Qb2 26. a4 g6 27. h5 gxh5 28. a5 Rfc8 29. a6 Rc1 30. Rxc1 Qxc1+ 31. Qxc1 Rxc1+ 32. Kh2 Ra1 33.
Ra8+ Kg7 34. a7 Bf5 35. Bd5 Ra5 36. Bb7 Kf6 37. Kg2 Ra1 38. Kf3 Bg6 39. Ke3 Kg5 40. Kd4 h4 41. gxh4+ Kxh4 42. Kc5 Kg4 43. Bd5 Ra5+ 44.
Kd6 Ra6+ 45. Kc7 Ra5 46. Bc6 Ra1 47. Kb6 Rb1+ 48. Kc7 Ra1 49. Kb6 Rb1+ 50. Kc7 Ra1 1/2-1/2

[Event "Early-Titled-Tuesday-Blitz-October-17-2023"]
[Site "Chess.com"]
[Date "2023.10.17"]
[Round "9"]
[White "GlavkonVVS"]
[Black "Haykoooo0o"]
[Result "1-0"]
[WhiteElo "2574"]
[BlackElo "2446"]
[TimeControl "180+1"]
[EndTime "9:48:56 PDT"]
[Termination "GlavkonVVS won by checkmate"]

1. c4 Nf6 2. Nc3 e6 3. d4 c5 4. Nf3 cxd4 5. Nxd4 Nc6 6. e4 Bb4 7. Nxc6 bxc6 8. e5 Ne4 9. Qd4 Nxc3 10. bxc3 Be7 11. c5 Qa5 12. Be3 O-O 13. Qb4 Qc7 14. Bd4 f6 15. exf6 Bxf6 16. Be2 a5 17. Qa4 Qf4 18.
O-O Bxd4 19. Qxd4 Qxd4 20. cxd4 Rf4 21. Rfd1 Ba6 22. Bxa6 Rxa6 23. Rab1 Ra7 24. f3 Kf7 25. Kf2 Ke7 26. Ke3 Rf8 27. a4 h6 28. f4 g5 29. g3 gxf4+ 30. gxf4 Rg8 31. Rg1 Rxg1 32. Rxg1 Rb7 33. Rg7+ Kf6 34. Rh7 Kg6 35. Re7 h5 36. Ke4 Kf6 37. Re8 Rb2 38. Rf8+ Ke7 39. Ra8 Rxh2 40.
Rxa5 h4 41. Ra8 Ra2 42. Rh8 Rxa4 43. Rxh4 Ra1 44. Rh7+ Kd8 45. Ke5 Re1+ 46. Kd6 Kc8 47. Rxd7 Re4 48. Kxc6 Rxf4 49. Rd6 Rh4 50. Kb6 e5 51. d5 Rb4+ 52. Kc6 Ra4 53. Kb5 Rd4 54. c6 e4 55. Kc5 Rd2 56. Re6 Rc2+ 57. Kd6 Rc4 58.
Re8# 1-0

[Event "Early-Titled-Tuesday-Blitz-October-17-2023"]
[Site "Chess.com"]
[Date "2023.10.17"]
[Round "9"]
[White "MikaelyanArman"]
[Black "I_am_Javi"]
[Result "0-1"]
[WhiteElo "2862"]
[BlackElo "2778"]
[TimeControl "180+1"]
[EndTime "9:48:59 PDT"]
[Termination "I_am_Javi won on time"]

1. d4 Nf6 2. c4 g6 3. Nc3 d6 4. e4 Bg7 5. f4 O-O 6. Nf3 Nbd7 7. e5 Ne8 8. h4 c5 9. h5 cxd4 10. Qxd4 Qa5 11. Bd2 dxe5 12. Qf2 Nd6 13. hxg6 fxg6 14. Nd5 Qd8 15. Qh4 h6 16. Nxe7+ Kf7 17. fxe5 Nxe5 18. Nxe5+ Bxe5 19. Bd3 Bf6 20. O-O Nf5 21. Nxf5 Bxh4 22. Nxh4+ Kg8 23. Rxf8+ Qxf8 24. Nxg6 Qc5+ 25. Kh1 Be6 26.
Re1 Rd8 27. Nf4 Bf7 28. Bc3 Qf2 29. Rf1 Qh4+ 30. Kg1 Qg5 31. Rf2 Qc5 32. Kf1 Qe3 33. Ne2 Qxd3 34. Rf3 Qd1+ 35. Kf2 Re8 36. Rg3+ Kf8 37.
Bg7+ Ke7 38. Bc3 Kd7 39. Nd4 Kc8 40. Rf3 Bxc4 41. Kg3 Qh1 42. Nf5 Rd8 43. Ne7+ Kb8 44. Be5+ Ka8 45. Rc3 Qf1 46. Kh2 Qe1 47. Bg3 Qxe7 48.
Rxc4 Qe6 49. Rf4 Re8 50. a3 Qc6 51. b4 a6 52. Rf2 Qd5 53. Rc2 Qh5+ 54. Kg1 Qd1+ 0-1

[Event "Early-Titled-Tuesday-Blitz-October-17-2023"]
[Site "Chess.com"]
[Date "2023.10.17"]
[Round "9"]
[White "rasmussvane"]
[Black "ActorXu"]
[Result "1/2-1/2"]
[WhiteElo "2980"]
[BlackElo "2800"]
[TimeControl "180+1"]
[EndTime "9:48:59 PDT"]
[Termination "Game drawn by repetition"]

1. Nf3 d5 2. g3 Nf6 3. Bg2 e6 4. O-O Be7 5. c4 O-O 6. b3 c5 7. cxd5 Nxd5 8. Nc3 Bf6 9. Bb2 b6 10. Qc2 Bb7 11. Rad1 Nxc3 12. Bxc3 Nc6 13. e3 Rc8 14. Qb2 Bxc3 15. dxc3 Qe7 16. c4 Rfd8 17. h3 Rxd1 18. Rxd1 Rd8 19. Rxd8+ Qxd8 20. Ne5 Qd6 21. Nxc6 Bxc6 22.
Bxc6 Qxc6 23. Qe5 Qb7 24. Qd6 g6 25. a3 Qa6 26. a4 Qa5 27. Qd3 Kg7 28. Kg2 Qb4 29.
Qc2 h5 30. Qb2+ Kg8 31. g4 hxg4 32. hxg4 Qe1 33. Qc2 Qb4 34. Qd3 Kg7 35. Qd1 Qc3 36. Kf3 g5 37. Kg2 Kg6 38. Qb1+ Kg7 39. Qd1 Kg6 40. Qb1+ Kg7 41. Kf3 a5 42. Kg2 Kf6 43. Qd1 Kg7 44. Qb1 Kf6 45. Kf3 Kg7 46. Ke2 Kf6 47. Qd1 Kg7 48. Qd3 Qxd3+ 49. Kxd3 f5 50. f3 Kf6 51. Ke2 Ke5 52. Kd3 Kf6 53. Ke2 Ke5 54.
Kd3 Kf6 1/2-1/2

[Event "Early-Titled-Tuesday-Blitz-October-17-2023"]
[Site "Chess.com"]
[Date "2023.10.17"]
[Round "9"]
[White "BasilSmash"]
[Black "SlavenPastar"]
[Result "1-0"]
[WhiteElo "2600"]
[BlackElo "2647"]
[TimeControl "180+1"]
[EndTime "9:49:01 PDT"]
[Termination "BasilSmash won by checkmate"]

1. e4 b6 2. d4 Bb7 3. Bd3 Nf6 4.
Nd2 e6 5. Ngf3 d5 6. Qe2 dxe4 7.
Nxe4 Nbd7 8. O-O Be7 9. c3 O-O 10. Bf4 Rc8 11. Rad1 Nxe4 12. Bxe4 Bxe4 13. Qxe4 Nf6 14.
Qe2 Qd5 15. c4 Qf5 16. Bg3 Ne4 17. Ne5 Bd6 18. Rde1 Nxg3 19. fxg3 Qg5 20. Nxf7 Qe7 21. Nxd6 Rxf1+ 22. Kxf1 Qf6+ 23. Qf3 cxd6 24. Qxf6 gxf6 25.
Rxe6 Rxc4 26. Rxd6 Rc2 27. Rxf6 Rxb2 28. Rf2 Rb1+ 29.
Ke2 b5 30. Kd3 a5 31. d5 Rd1+ 32. Rd2 Rh1 33. Kd4 Kf7 34. Kc5 Ke7 35. Kxb5 Rxh2 36.
d6+ Kd7 37. Kxa5 Rh5+ 38. Kb6 Rg5 39. a4 Rxg3 40. a5 h5 41. a6 Rb3+ 42. Ka5 Ra3+ 43. Kb5 Ra1 44. Rd4 Rb1+ 45. Rb4 Rc1 46. a7 Rc8 47. Ra4 Ra8 48. Kb6 Kxd6 49. Kb7 Rg8 50. a8=Q Rxa8 51. Kxa8 Ke5 52. g3 Kf5 53. Rh4 Kg5 54.
Kb7 Kg6 55. Kc7 Kg5 56. Kd6 Kg6 57. Ke6 Kg5 58. Ke5 Kg6 59. Kf4 Kh6 60. Kf5 Kg7 61. Kg5 Kg8 62. Rxh5 Kf8 63. Rh6 Kg7 64. Ra6 Kg8 65.
Ra7 Kf8 66. Kf6 Kg8 67. Rb7 Kf8 68. Rb8# 1-0

[Event "Early-Titled-Tuesday-Blitz-October-17-2023"]
[Site "Chess.com"]
[Date "2023.10.17"]
[Round "9"]
[White "ChesscularGodofchess"]
[Black "topin8"]
[Result "0-1"]
[WhiteElo "2227"]
[BlackElo "2502"]
[TimeControl "180+1"]
[EndTime "9:49:01 PDT"]
[Termination "topin8 won on time"]

1. d4 Nf6 2. Nf3 c5 3. dxc5 Na6 4. a3 Nxc5 5. b4 Na6 6. Bb2 d6 7. Nbd2 e5 8. e4 Be7 9. Bd3 O-O 10. O-O Nc7 11. c4 Ne6 12. Rc1 Nf4 13. Qc2 b6 14. Rfd1 Nxd3 15. Qxd3 Bb7 16. Nh4 g6 17. Nhf3 Rc8 18.
Ne1 Rc7 19. f3 Qc8 20. Nc2 Nh5 21. g3 Qh3 22. Qe2 f5 23. Qg2 Qxg2+ 24. Kxg2 fxe4 25. Nxe4 Bxe4 26. fxe4 Rxc4 27. Re1 Bg5 28. Ne3 Rxe4 29. Nd5 Rxe1 30. Rxe1 Rc8 31. h4 Rc2+ 32. Kh3 Rxb2 33. hxg5 Rb3 34. Nf6+ Nxf6 35. gxf6 Rd3 36. Kg4 h6 37.
Rc1 Kf7 38. Rc7+ Kxf6 39. Rxa7 h5+ 40. Kh4 e4 41. Ra6 Kf5 42. Rxb6 g5+ 43. Kxh5 Rxg3 44.
Kh6 d5 45. Kg7 Rxa3 46. Rf6+ Ke5 47. Kg6 g4 48. Rf5+ Kd4 49. b5 Rb3 50. Kg5 Rxb5 51.
Kxg4 Rb1 0-1

[Event "Early-Titled-Tuesday-Blitz-October-17-2023"]
[Site "Chess.com"]
[Date "2023.10.17"]
[Round "9"]
[White "KNVB"]
[Black "chrisclaireredfield"]
[Result "0-1"]
[WhiteElo "2658"]
[BlackElo "2547"]
[TimeControl "180+1"]
[EndTime "9:49:02 PDT"]
[Termination "chrisclaireredfield won by checkmate"]

1. d4 d5 2. Nc3 Nf6 3. Bf4 c5 4. e4 dxe4 5. dxc5 Qxd1+ 6. Rxd1 e5 7. Bxe5 Nbd7 8. Bxf6 Nxf6 9. Nb5 Bxc5 10. Nc7+ Ke7 11.
Nxa8 Bg4 12. Be2 Rxa8 13. Bxg4 Nxg4 14. Nh3 g6 15. Ke2 f5 16. c3 Rc8 17. f3 Ne3 18. Rc1 Nxg2 19. fxe4 fxe4 20. Rhf1 e3 21. Ng5 h6 22.
Ne4 Bb6 23. Rf3 Nh4 24. Rg3 g5 25. Rf1 Rc4 26. Kd3 Rc6 27. Rh3 Re6 28. Re1 Nf5 29.
b4 Nd6 30. Nc5 Bxc5 31. bxc5 Nf5 32. Rf3 Re5 33. Ref1 Ke6 34. Rb1 Rxc5 35. Rxb7 Ra5 36. Rb8 Rxa2 37. Re8+ Kd7 38. Rh8 Rd2+ 39. Kc4 e2 40.
Rxf5 e1=Q 41. Rf7+ Kc6 42. Rxh6+ Rd6 43. Rxd6+ Kxd6 44. Rxa7 Qe2+ 45. Kb3 Qxh2 46. Ra6+ Kc7 47. Ra7+ Kb6 48.
Ra4 Qe2 49. Rb4+ Kc5 50. Ra4 Qd1+ 51. Ka3 Qxa4+ 52. Kxa4 Kc4 53. Ka3 Kxc3 54. Ka2 g4 55. Kb1 g3 56. Kc1 g2 57. Kd1 g1=Q+ 58. Ke2 Qg3 59.
Kd1 Qf2 60. Kc1 Qc2# 0-1

[Event "Early-Titled-Tuesday-Blitz-October-17-2023"]
[Site "Chess.com"]
[Date "2023.10.17"]
[Round "9"]
[White "temiksmozg"]
[Black "Zurability"]
[Result "0-1"]
[WhiteElo "2593"]
[BlackElo "2743"]
[TimeControl "180+1"]
[EndTime "9:49:04 PDT"]
[Termination "Zurability won by resignation"]

1. e4 c5 2. Nf3 d6 3. d4 cxd4 4. Nxd4 Nf6 5. Nc3 g6 6. Be2 Bg7 7. Be3 Nc6 8. O-O O-O 9. f4 Bd7 10. Bf3 Rc8 11. Kh1 Na5 12. e5 Ne8 13. e6 fxe6 14. Bg4 Nc7 15. Qe2 e5 16. fxe5 Rxf1+ 17.
Rxf1 dxe5 18. Nb3 Nxb3 19. axb3 Bxg4 20. Qxg4 a6 21. Bb6 Qe8 22. Qc4+ e6 23. Bxc7 Qd7 24.
Rd1 Qxc7 25. Qxe6+ Kh8 26. Rd7 Rf8 27. h3 Qc5 28. Rf7 b5 29. Ne4 Qxc2 30. Rxf8+ Bxf8 31. Qxe5+ Kg8 32. Qe6+ Kg7 33. Qf6+ Kg8 34. Qe6+ Kg7 35. Qd7+ Kh6 36. Qd5 Qxb2 37. g4 Kg7 38. g5 Be7 39. h4 a5 40. Qe6 Kf8 41. Qc8+ Kf7 42. Qb7 Qb1+ 43. Kg2 Qxb3 44. Nd6+ Ke6 45. Nxb5 Qd5+ 46.
Qxd5+ Kxd5 47. Nc7+ Kc6 48. Ne6 a4 49. Kf3 Kd5 50. Nf4+ Kc4 51. h5 a3 52. hxg6 hxg6 53. Nxg6 Bxg5 54. Ne5+ Kc3 55. Ke4 a2 56. Nf3 Bc1 0-1

[Event "Early-Titled-Tuesday-Blitz-October-17-2023"]
[Site "Chess.com"]
[Date "2023.10.17"]
[Round "9"]
[White "wanyaland"]
[Black "Semetey"]
[Result "0-1"]
[WhiteElo "2418"]
[BlackElo "2546"]
[TimeControl "180+1"]
[EndTime "9:49:06 PDT"]
[Termination "Semetey won on time"]

1. d4 a6 2. e4 b5 3. Nd2 Bb7 4. Ngf3 e6 5. Bd3 c5 6. dxc5 Bxc5 7. O-O Ne7 8. e5 Ng6 9. Ne4 Be7 10. a4 bxa4 11.
Re1 Nc6 12. Ng3 Qc7 13. Qe2 Nb4 14. Be4 Rc8 15. c3 Nd5 16. Rxa4 a5 17. Bd2 O-O 18. h4 Bc6 19. Raa1 Ndf4 20. Qc4 d5 21. exd6 Bxd6 22.
Bxc6 Qxc6 23. Qxc6 Rxc6 24. h5 Ne7 25. Rxa5 Nd3 26.
Rb1 Rb8 27. b4 Bc5 28. Ne4 Bb6 29. Ra6 Bxf2+ 30. Nxf2 Rxa6 31. Nxd3 Nd5 32. b5 Ra3 33.
c4 Rxd3 34. cxd5 Rxd5 35. b6 Rb7 36. h6 gxh6 37. Bxh6 f6 38. Be3 e5 39. Kf2 Kf7 40. Nh4 Ke6 41. g4 Rd6 42. Nf5 Rc6 43. Kf3 h5 44.
Ng7+ Rxg7 45. b7 hxg4+ 46. Ke2 Rxb7 47. Rxb7 f5 48. Rg7 Kd5 49. Bf2 Ke4 0-1

[Event "Early-Titled-Tuesday-Blitz-October-17-2023"]
[Site "Chess.com"]
[Date "2023.10.17"]
[Round "9"]
[White "bazar-wokzal"]
[Black "krzyzan94"]
[Result "0-1"]
[WhiteElo "2591"]
[BlackElo "2792"]
[TimeControl "180+1"]
[EndTime "9:49:09 PDT"]
[Termination "krzyzan94 won on time"]

1. e4 c5 2. c3 d5 3. exd5 Qxd5 4. d4 g6 5. dxc5 Qxc5 6. Be3 Qa5 7. Nf3 Nf6 8. Be2 Bg7 9. O-O O-O 10. Na3 Rd8 11.
Qb3 Nc6 12. Ng5 e6 13. Rad1 Nd5 14. Bc1 Qc7 15. Bf3 h6 16. Ne4 Ne5 17. Be2 a6 18.
c4 Ne7 19. c5 Nd5 20. Nc4 Nxc4 21. Bxc4 Bd7 22. Bxd5 exd5 23. Nd6 Be6 24. Bf4 Rd7 25.
Bg3 Qxc5 26. Nxb7 Qc4 27. Na5 Qxb3 28. Nxb3 Rc8 29. Nd4 Rc4 30. Nxe6 fxe6 31. b3 Rc2 32. Rfe1 Kf7 33. a4 d4 34. Rd3 Rc3 35. Red1 Rxd3 36. Rxd3 e5 37. f3 Rc7 38. Be1 Ke6 39. Kf2 Rc1 40.
Ke2 h5 41. Bd2 Rc2 42. Kd1 Ra2 43. Kc1 Ra1+ 44. Kc2 Rg1 45. b4 Rxg2 46. Kb3 Kd5 47. h4 Rg1 48. b5 axb5 49. axb5 Rb1+ 50. Ka4 Kc4 51. Ra3 Rxb5 52. Ra1 Rb7 53. Rg1 Ra7+ 54.
Ba5 Bh6 0-1

[Event "Early-Titled-Tuesday-Blitz-October-17-2023"]
[Site "Chess.com"]
[Date "2023.10.17"]
[Round "9"]
[White "CristianS27"]
[Black "Fore_Man"]
[Result "1-0"]
[WhiteElo "2514"]
[BlackElo "2339"]
[TimeControl "180+1"]
[EndTime "9:49:09 PDT"]
[Termination "CristianS27 won by resignation"]

1. e4 c5 2. Nf3 Nc6 3. d4 cxd4 4. Nxd4 g6 5. Nc3 Bg7 6. Be3 Nf6 7. Bc4 d6 8. h3 Bd7 9. O-O a6 10. Bb3 O-O 11. Re1 b5 12. a4 b4 13. Nd5 Nxe4 14.
Nxc6 Bxc6 15. Nxb4 Bb7 16. Bd4 Nf6 17. c3 Rb8 18.
Ba7 Ra8 19. Bd4 a5 20. Nd5 Nxd5 21. Bxg7 Kxg7 22. Bxd5 Bxd5 23. Qxd5 Rb8 24. Re2 e6 25. Qd4+ Kg8 26. Rd1 d5 27. h4 Qb6 28. Qf6 Qd8 29.
Qd4 Qb6 30. Qf4 Rfd8 31. h5 Qd6 32. Qf6 Rd7 33. Rd3 Qe7 34. Qf4 Rbb7 35. Rh3 g5 36. Qe5 h6 37. f4 Qd6 38. fxg5 Qxe5 39. Rxe5 Rxb2 40. gxh6 Kh7 41. Rg3 Rb8 42. Reg5 Kxh6 43. Kh2 Rc7 44. Rg7 Rb3 45. Rg8 f6 46. R8g6+ Kh7 47.
Rxf6 Rbxc3 48. Rxe6 Rxg3 49. Kxg3 Rc3+ 50. Kh4 Rc4+ 51. g4 Rxa4 52. Re7+ Kg8 53. h6 Re4 54.
Ra7 a4 55. Kh5 d4 56. g5 d3 57. g6 Re5+ 58. Kg4 Rd5 59. Ra8+ 1-0

[Event "Early-Titled-Tuesday-Blitz-October-17-2023"]
[Site "Chess.com"]
[Date "2023.10.17"]
[Round "9"]
[White "ural58"]
[Black "Casper"]
[Result "1/2-1/2"]
[WhiteElo "2530"]
[BlackElo "2410"]
[TimeControl "180+1"]
[EndTime "9:49:10 PDT"]
[Termination "Game drawn - insufficient material"]

1. e4 c5 2. Nf3 d6 3. Bb5+ Bd7 4. Bxd7+ Nxd7 5. c4 Ne5 6. b3 Nf6 7. O-O Nxe4 8. Nxe5 dxe5 9. Qe2 Qd4 10. Nc3 Nxc3 11.
dxc3 Qd6 12. Rd1 Qc7 13. Rd5 e6 14. Rxe5 Bd6 15. Rh5 O-O-O 16. Be3 g6 17. Rh6 Bf8 18. Rh3 Qe5 19. Re1 Bg7 20. b4 Rd7 21. bxc5 Qxc3 22. c6 bxc6 23. Bxa7 Qa5 24. Be3 Rhd8 25. Rxh7 Qxe1+ 26. Qxe1 Bc3 27. Qf1 Rd1 28. h4 Rxf1+ 29. Kxf1 f5 30.
Bb6 Rd1+ 31. Ke2 Rd2+ 32. Kf3 e5 33. a4 Bd4 34. Bxd4 Rxd4 35. Rg7 Rxh4 36. Rxg6 Rxc4 37. a5 Kb7 38. Rf6 Rf4+ 39. Ke3 Ka6 40. g3 Re4+ 41. Kf3 Kxa5 42. Rxf5 Re1 43. Rf8 c5 44. Rc8 Kb4 45.
g4 c4 46. g5 Rg1 47. Rb8+ Kc3 48. Rg8 Kd2 49. Ke4 c3 50. Kxe5 c2 51. Rd8+ Ke2 52.
Rc8 c1=Q 53. Rxc1 Rxc1 54. g6 Rg1 55. Kf6 Kxf2 56. g7 Kf3 57. Kf7 Kf4 58. g8=Q Rxg8 59. Kxg8 1/2-1/2

[Event "Early-Titled-Tuesday-Blitz-October-17-2023"]
[Site "Chess.com"]
[Date "2023.10.17"]
[Round "9"]
[White "AvitalBor"]
[Black "Krakozia"]
[Result "1-0"]
[WhiteElo "2869"]
[BlackElo "3012"]
[TimeControl "180+1"]
[EndTime "9:49:11 PDT"]
[Termination "AvitalBor won on time"]

1. e4 c5 2. Nf3 e6 3. c3 d5 4.
exd5 Qxd5 5. d4 Nf6 6. Bd3 Be7 7. O-O O-O 8. Be3 Rd8 9. Qe2 Nc6 10. Rd1 Qh5 11.
dxc5 Ng4 12. Nbd2 Nxe3 13. Qxe3 Bxc5 14. Qe2 Bd7 15. Ne4 Be7 16. Kh1 Be8 17. h3 h6 18. Ng3 Qc5 19. Qe4 g6 20. Qe2 Bf8 21. Ne4 Qe7 22. Qe3 Bg7 23. Bc2 Rxd1+ 24. Rxd1 Rd8 25.
Re1 b6 26. Ng3 Na5 27. Qe2 Nb7 28. Nh2 Nd6 29. Ng4 h5 30. Ne5 Qg5 31. Nf3 Qf4 32. Rd1 Bf6 33. Nd4 h4 34. Nf1 e5 35. Nf3 Bc6 36. Ne3 Bxf3 37. Qxf3 Qxf3 38. gxf3 Kg7 39. Kg2 Bg5 40. Rd5 Bxe3 41. fxe3 Kf6 42. Bb3 a5 43. Kf2 g5 44. Ke2 Nb7 45. Rxd8 Nxd8 46. Bd5 Ke7 47. Kd3 f5 48. e4 Kd6 49. Ke3 g4 50. fxg4 fxg4 51. hxg4 Ke7 52. Kf3 Kf6 53. Kg2 Kg5 54. Kh3 b5 55. b3 b4 56. c4 Kf4 57. Kxh4 Ke3 58. g5 1-0

[Event "Early-Titled-Tuesday-Blitz-October-17-2023"]
[Site "Chess.com"]
[Date "2023.10.17"]
[Round "9"]
[White "sokidze"]
[Black "wonderfultime"]
[Result "0-1"]
[WhiteElo "2790"]
[BlackElo "2977"]
[TimeControl "180+1"]
[EndTime "9:49:11 PDT"]
[Termination "wonderfultime won on time"]

1. d4 d5 2. c4 c6 3. cxd5 cxd5 4. Bf4 Nf6 5. e3 Nc6 6. Nc3 a6 7. Bd3 Bg4 8. Nge2 e6 9. O-O Bd6 10. Bxd6 Qxd6 11. Rc1 O-O 12. Na4 Nb4 13. Bb1 Rac8 14. f3 Bh5 15. Qb3 Rb8 16. Nf4 Bg6 17. Nxg6 hxg6 18.
f4 b6 19. Qc3 a5 20. a3 Qd7 21. Qb3 Na6 22. Bd3 Nc7 23. Rc2 Nce8 24. Rfc1 Nd6 25. Rc7 Qd8 26. R7c6 Nc4 27. Bxc4 dxc4 28. Qb5 Nd5 29.
Re1 g5 30. g3 gxf4 31. exf4 Qd7 32. Nc3 Nc7 33. Qxc4 Rfc8 34. a4 Ne8 35. Rxc8 Rxc8 36. Qb5 Qxd4+ 37. Kh1 Nf6 38. Qe5 Qb4 39. Qe2 Rd8 40. Rd1 Rxd1+ 41. Nxd1 Qxa4 42. Nc3 Qc6+ 43. Kg1 Nd5 44. Nxd5 Qxd5 45. Qa6 Qd4+ 46. Kh1 Qe4+ 47.
Kg1 Qb1+ 48. Kg2 Qxb2+ 49. Kh3 g6 50. Qc8+ Kg7 51. Qc4 b5 52. Qc5 a4 53. f5 exf5 0-1

[Event "Early-Titled-Tuesday-Blitz-October-17-2023"]
[Site "Chess.com"]
[Date "2023.10.17"]
[Round "9"]
[White "tarno17"]
[Black "C_K_G"]
[Result "1-0"]
[WhiteElo "2120"]
[BlackElo "1887"]
[TimeControl "180+1"]
[EndTime "9:49:11 PDT"]
[Termination "tarno17 won on time"]

1. e4 c5 2. Nf3 d6 3. Bb5+ Bd7 4. Bxd7+ Qxd7 5. O-O Nc6 6. d4 cxd4 7. Nxd4 Nf6 8. Re1 e5 9. Nf5 g6 10. Ne3 Bg7 11.
Nc3 O-O 12. Ned5 Nxd5 13. Nxd5 Ne7 14. c4 Rac8 15. b3 Kh8 16. Ba3 Rc6 17. Qd3 f5 18. Rad1 fxe4 19. Rxe4 Nxd5 20. Qxd5 Qf5 21. Re2 Rf6 22.
Qa5 Ra6 23. Qb4 h6 24. Bc1 Qh5 25. Rde1 Rf7 26. Qb5 Kh7 27. Qe8 Rf8 28. Qe7 Rb6 29. Re3 Qf5 30. Rf3 Qc8 31. Rh3 Qe8 32. Qh4 h5 33.
Qg5 Qf7 34. Be3 Ra6 35. a4 b6 36. Rd1 Qe6 37. Qg3 Ra5 38. Bg5 e4 39. Qe3 Raf5 40.
Bh4 Be5 41. Rf1 Bf4 42. Qc3 Be5 43. Qe3 R8f7 44. Bg3 Bxg3 45. Rxg3 Re5 46. Re1 Rff5 47. Qe2 Qf6 48. Re3 Rf4 49. Rf1 g5 50. Qd2 Kg6 51.
Qe2 Qf5 52. Qd2 h4 53. Qxd6+ 1-0